 Dungeon Crawl Stone Soup version 0.26-a0-812-g31a745ddcd (webtiles) character file.

Game seed: 17821956352871970231

19054 kae the Grappler (level 12, -1/110 HPs)
             Began as a Naga Transmuter on Nov 30, 2020.
             Was the Champion of Cheibriados.
             Slain by a large slime creature (29 damage)
             ... on level 13 of the Dungeon.
             The game lasted 00:12:22 (17065 turns).

kae the Grappler (Naga Transmuter)                 Turns: 17065, Time: 00:12:22

Health: -1/110     AC:  7    Str: 33    XL:     12   Next: 65%
Magic:  18/21      EV: 17    Int: 28    God:    Cheibriados [******]
Gold:   1019       SH:  5    Dex: 33    Spells: 10/23 levels left

rFire    + . .     SeeInvis +     - Unarmed
rCold    . . .     Faith    .   (shield currently unavailable)
rNeg     . . .     Spirit   .   a - +0 robe
rPois    +         Reflect  +   (no helmet)
rElec    .         Harm     .   h - +1 cloak
rCorr    .         Rampage  .   (gloves currently unavailable)
MR       +....                  (no barding)
Stlth    ++........             c - amulet of reflection
HPRegen  0.28/turn              E - +6 ring of dexterity
MPRegen  0.17/turn              y - ring of protection from fire

@: blade hands, very slow
A: large, see invisible, deformed body, poison resistance, slowness 2, spit
poison 1, AC +4
a: Spit Poison, End Transformation, Bend Time, Temporal Distortion, Slouch, Step
From Time, Renounce Religion


You were on level 13 of the Dungeon.
You worshipped Cheibriados.
Cheibriados was exalted by your worship.
You had blades for hands.
You visited 2 branches of the dungeon, and saw 14 of its levels.
You also visited: Ossuary.

You collected 1019 gold pieces.

Inventory:

Armour
 a - a +0 robe (worn)
 h - a +1 cloak (worn)
 v - a +0 pair of gloves (melded)
Jewellery
 c - an amulet of reflection (around neck)
 i - an uncursed ring of positive energy
 p - an uncursed ring of flight {unknown}
 t - an uncursed ring of resist corrosion
 w - an uncursed ring of positive energy
 y - a ring of protection from fire (right scythe-like blade)
 E - a +6 ring of dexterity (left scythe-like blade)
Wands
 n - a wand of flame (28)
 s - a wand of paralysis (9)
 A - a wand of polymorph (7)
 J - a wand of iceblast (12)
Scrolls
 b - 7 scrolls of teleportation
 d - 6 scrolls of identify
 f - 11 scrolls of remove curse
 g - 5 scrolls of amnesia
 l - 3 scrolls of magic mapping
 q - a scroll of enchant weapon
 x - a scroll of fear
 C - 2 scrolls of enchant armour
 G - 5 scrolls of fog
Potions
 e - 2 potions of cancellation
 j - 4 potions of flight
 k - 2 potions of invisibility
 m - 2 potions of haste
 o - 3 potions of heal wounds
 r - 5 potions of lignification
 u - 5 potions of might
 z - 9 potions of curing
 B - 2 potions of magic
 D - a potion of resistance
 F - 2 potions of mutation
 I - a potion of brilliance


   Skills:
 + Level 7.9 Fighting
 + Level 6.8 Dodging
 * Level 11.4 Unarmed Combat
 - Level 6.1 Spellcasting
 * Level 11.2 Transmutations
 + Level 4.3 Invocations


You had 10 spell levels left.
You knew the following spells:

 Your Spells              Type           Power        Failure   Level
a - Beastly Appendage     Tmut           ######       6%          1
b - Spider Form           Tmut/Pois      #####.....   21%         3
c - Blade Hands           Tmut           ######....   19%         5
d - Ice Form              Ice/Tmut       #####...     36%         4

Your spell library contained the following spells:

 Spells                   Type           Power        Failure   Level
 Wereblood                Tmut           ######..     7%          2


Dungeon Overview and Level Annotations

Branches:
Dungeon (12/15)            Temple (1/1) D:5            Lair (0/6) D:9
    Orc (0/2) D:10        Ossuary (visited)

Altars:
Ashenzari
Cheibriados
Dithmenos
Elyvilon
Fedhas
Gozag
Hepliaklqana
Kikubaaqudgha
Makhleb
Nemelex Xobeh
Okawaru
Qazlal
Ru
Sif Muna
Trog
Uskayaw
Vehumet
Wu Jian
Xom
Yredelemnul
Zin
The Shining One

Shops:
D:6 *   D:10 (

Annotations:
D:8 1 runed translucent door, emiel's ghost, novice TrDe
D:9 2 transporters, End1zNear's ghost, novice DDFi


Innate Abilities, Weirdness & Mutations

You cannot wear boots.
Your serpentine skin is tough. (AC +4)
You have supernaturally acute eyesight. (SInv)
Armour fits poorly on your strangely shaped body.
Your system is resistant to poisons. (rPois)
You cover ground very slowly.
You can spit poison.


Message History

You hit the large slime creature but do no damage.
The large slime creature is heavily wounded.
The large slime creature hits you!
The slime creature hits you but does no damage.
You slice the slime creature!!
The slime creature is severely wounded.
The slime creature closely misses you.
You slash the slime creature!
You slash the slime creature, but do no damage.
The slime creature is almost dead.
The large slime creature closely misses you.
The slime creature hits you!
* * * LOW HITPOINT WARNING * * *
The slime creature completely misses you.
You slash the slime creature!
You kill the slime creature!
Cheibriados thoroughly appreciates the change of pace.
Your life force feels restored.
The large slime creature hits you!!
You die...

######.#........#....#
#......#........######
#......#..............[
#......#...##########..
#......#...# .
#......#####...
#..............
#..............
######@....#### #JJ[..#
#.....# ......# ......#
......... .......?..
...........


You could see a large slime creature and a slime creature.

Vanquished Creatures
  Erolcha (D:11)
  3 two-headed ogres
  A queen ant (D:10)
  Erica (D:11)
  Nergalle (D:11)
  Pikel (D:6)
  An ugly thing (D:12)
  A manticore (D:11)
  Maurice (D:8)
  Maggie (D:7)
  Joseph (D:7)
  A centaur skeleton (D:12)
  A kobold demonologist (D:11)
  2 trolls
  2 slime creatures (D:13)
  Sigmund (D:2)
  2 wyverns
  2 vampires
  A water elemental (D:11)
  2 wraiths
  2 basilisks
  Grum (D:11)
  3 yaks (D:9)
  An acid dragon (D:12)
  4 soldier ants (D:10)
  3 water moccasins
  5 ice beasts
  4 orc warriors
  2 sky beasts
  5 black bears
  3 necrophages
  2 eyes of draining
  4 ogres
  2 phantoms (D:5)
  4 wolves (D:11)
  A centaur (D:10)
  2 lemures (D:6)
  2 elf zombies (D:7)
  A wyvern zombie (D:6)
  9 bullfrogs
  2 wyvern skeletons
  5 scorpions
  13 killer bees
  13 wights
  7 howler monkeys
  A bullfrog zombie (D:10)
  3 centaur zombies
  7 hounds
  4 jellies
  A quasit (D:6)
  4 human zombies (D:7)
  8 orc priests
  3 bullfrog skeletons
  2 human skeletons (D:7)
  Terence (D:2)
  2 iguanas
  11 orc wizards
  31 worker ants
  An ogre zombie (D:7)
  A hound zombie (D:9)
  9 mummies
  A worker ant zombie (D:10)
  16 gnolls
  A howler monkey skeleton (D:9)
  18 adders
  3 white imps
  2 ufetubi (D:9)
  2 adder zombies
  An adder skeleton (D:9)
  A worm (D:2)
  A dart slug (D:1)
  6 leopard geckos
  29 orcs
  5 giant cockroaches
  6 hobgoblins
  8 jackals
  7 quokkas
  A ball python (D:3)
  16 bats
  6 frilled lizards
  A gnoll zombie (Ossuary)
  A goblin (D:2)
  2 hobgoblin zombies (Ossuary)
  10 kobolds
  A kobold zombie (Ossuary)
  5 orc zombies
  A quokka zombie (D:8)
  4 rats
371 creatures vanquished.

Vanquished Creatures (others)
  11 fungi (D:4)
  10 plants
21 creatures vanquished.

Grand Total: 392 creatures vanquished

Notes
Turn   | Place    | Note
-------+----------+-------------------------------------------
     0 | D:1      | kae the Naga Transmuter began the quest for the Orb.
     0 | D:1      | Reached XP level 1. HP: 18/18 MP: 3/3
   294 | D:1      | Reached XP level 2. HP: 21/25 MP: 3/5
  1121 | D:2      | Reached XP level 3. HP: 31/31 MP: 4/6
  1126 | D:2      | Learned a level 3 spell: Spider Form
  1621 | D:2      | Reached XP level 4. HP: 38/38 MP: 7/7
  1737 | D:2      | Noticed Terence
  1746 | D:2      | Killed Terence
  1832 | D:2      | Noticed Sigmund
  2178 | D:2      | Killed Sigmund
  2178 | D:2      | Reached XP level 5. HP: 39/45 MP: 5/9
  2178 | D:2      | Reached XP level 6. HP: 45/52 MP: 5/10
  2273 | D:3      | Found a hide-covered altar of Uskayaw.
  2287 | D:3      | Found an ornate altar of the Wu Jian Council.
  3714 | D:4      | Reached XP level 7. HP: 46/61 MP: 11/11
  3717 | D:4      | Reached skill level 5 in Unarmed Combat
  4094 | D:5      | Entered Level 5 of the Dungeon
  4106 | D:5      | Found a staircase to the Ecumenical Temple.
  4152 | Temple   | Entered the Ecumenical Temple
  4357 | Temple   | Became a worshipper of Cheibriados the Contemplative
  4723 | D:5      | Reached skill level 5 in Transmutations
  4723 | D:5      | Reached XP level 8. HP: 54/69 MP: 13/13
  5618 | D:5      | You fall into a shaft and drop 2 floors!
  5626 | D:7      | Reached * piety under Cheibriados
  5650 | D:6      | Noticed Pikel
  6011 | D:6      | Killed Pikel
  6011 | D:6      | Reached XP level 9. HP: 78/78 MP: 15/15
  6170 | D:6      | Found an iron altar of Okawaru.
  6491 | D:5      | Found a bloodstained altar of Trog.
  7220 | D:6      | Found Okeuw's General Store.
  7255 | D:6      | Reached ** piety under Cheibriados
  8003 | D:7      | Learned a level 5 spell: Blade Hands
  8015 | D:7      | Learned a level 4 spell: Ice Form
  8016 | D:7      | Noticed Maggie
  8056 | D:7      | Killed Maggie
  8056 | D:7      | Reached skill level 5 in Fighting
  8117 | D:7      | Reached skill level 5 in Spellcasting
  8122 | D:7      | Reached XP level 10. HP: 67/88 MP: 17/17
  8231 | D:7      | Noticed Joseph
  8246 | D:7      | Killed Joseph
  8775 | D:7      | Reached *** piety under Cheibriados
  8816 | D:7      | Found an ancient bone altar of Kikubaaqudgha.
  8849 | D:7      | Noticed a two-headed ogre
  8854 | D:7      | Killed a two-headed ogre
  8854 | D:7      | Reached skill level 5 in Dodging
  9528 | D:7      | Found a basalt altar of Yredelemnul.
  9826 | D:8      | Found a sand-covered staircase.
  9828 | D:8      | Reached **** piety under Cheibriados
  9839 | Ossuary  | Entered an ossuary
 10520 | D:8      | Noticed Maurice
 10534 | D:8      | Killed Maurice
 10643 | D:8      | Reached ***** piety under Cheibriados
 11087 | D:8      | Found a runed translucent door.
 11087 | D:8      | Noticed emiel's ghost (novice TrDe)
 11225 | D:8      | Found a sacrificial altar of Ru.
 11253 | D:8      | Reached XP level 11. HP: 94/97 MP: 19/19
 11608 | D:9      | Noticed End1zNear's ghost (novice DDFi)
 11621 | D:9      | Found a transporter.
 11711 | D:9      | Found a transporter.
 12098 | D:9      | Noticed a two-headed ogre
 12106 | D:9      | Killed a two-headed ogre
 12248 | D:9      | Found a staircase to the Lair.
 13254 | D:10     | Entered Level 10 of the Dungeon
 13302 | D:10     | Found a glowing silver altar of Zin.
 13305 | D:10     | Found a staircase to the Orcish Mines.
 13408 | D:10     | Reached skill level 10 in Unarmed Combat
 13647 | D:10     | Reached ****** piety under Cheibriados
 13656 | D:10     | Noticed a queen ant
 13658 | D:10     | Reached skill level 1 in Invocations
 13670 | D:10     | Killed a queen ant
 13687 | D:10     | Reached skill level 10 in Transmutations
 14030 | D:10     | Found Tuappouwn's Antique Weapon Shop.
 14876 | D:11     | Noticed Erica
 14890 | D:11     | Killed Erica
 15143 | D:11     | Reached XP level 12. HP: 109/109 MP: 21/21
 15319 | D:11     | Noticed Erolcha
 15333 | D:11     | Killed Erolcha
 15349 | D:11     | Noticed Grum
 15351 | D:11     | Killed Grum
 15947 | D:11     | Noticed Nergalle
 15949 | D:11     | Noticed a two-headed ogre
 15956 | D:11     | Killed Nergalle
 15958 | D:11     | Killed a two-headed ogre
 17010 | D:12     | You fall into a shaft and drop 1 floor!
 17065 | D:13     | Slain by a large slime creature

Illustrated notes

Levels and vault maps discovered:
D:1:      dpeg_arrival_stonehenge_12_columns, layout_basic,
          grunt_decor_one_mirror, minmay_liquid_box, moated_statue
D:2:      layout_basic, uniq_sigmund, uniq_terence
D:3:      cheibrodos_old_hovel, layout_loops_ring, minitemple
D:4:      old_forge, layout_basic
D:5:      layout_loops_ring, marbit_many_paths, minmay_temple_entry_proselytizer
D:6:      layout_basic, lemuel_round_altar, serial_shops, kennysheep_mini,
          uniq_pikel
D:7:      layout_loops_cross, lemuel_crystal_altar,
          lemuel_mausoleum_altar_yredelemnul, uniq_maggie, uniq_joseph
D:8:      layout_rooms, ebering_ghost_reflecting_pool,
          gup_ossuary_entry_pyramid, nicolae_ru_awakened_eye, uniq_maurice
D:9:      layout_stronghold, minmay_lair_entry_grove, gammafunk_ghost_arena
D:10:     layout_gridville, orc_0_dummy, serial_shops,
          nicolae_shop_behind_doors, basic_altar, minmay_misc_feat_cross,
          minmay_another_anthill
D:11:     layout_loops_ring, kennysheep_donut, uniq_nergalle, uniq_erolcha,
          uniq_erica, uniq_grum
D:12:     layout_roguey, evilmike_minifort
D:13:     minmay_mutant_horseshoe, layout_irregular_city, erik_vaults_1,
          gammafunk_ghost_spectres, uniq_josephine
Temple:   minmay_temple_bridge_d

Skill      XL: |  1  2  3  4  5  6  7  8  9 10 11 12 |
---------------+-------------------------------------+-----
Dodging        | 2 3 4 5 6 |  6.8
Transmutations | 3 4 5 6 7 9 10 11 | 11.2
Fighting       | 2 3 4 5 6 7 |  7.9
Unarmed Combat | 4 5 6 8 9 10 11 | 11.4
Spellcasting   | 3 4 5 6 |  6.1
Invocations    | 2 4 |  4.3

Action                   |  1- 3 |  4- 6 |  7- 9 | 10-12 || total
-------------------------+-------+-------+-------+-------++-------
Melee: Unarmed           |    65 |   131 |   274 |   526 ||   996
       Headbutt          |     6 |     5 |     1 |       ||    12
       Punch             |       |     4 |     2 |    29 ||    35
 Cast: Beastly Appendage |    19 |    13 |     2 |     1 ||    35
       Spider Form       |       |     9 |    37 |     5 ||    51
       Blade Hands       |       |       |     1 |    86 ||    87
 Abil: Spit Poison       |    21 |    20 |    35 |    39 ||   115
  Use: Scroll            |     5 |     6 |     1 |    15 ||    27
       Potion            |     1 |       |       |       ||     1
 Stab: Sleeping          |       |     1 |     2 |     2 ||     5
       Distracted        |       |       |       |     1 ||     1
Armor: Robe              |    29 |    40 |    17 |    84 ||   170
       Skin              |       |     3 |     5 |     6 ||    14
Dodge: Dodged            |    63 |   130 |   268 |   615 ||  1076
Block: Other             |       |       |       |     9 ||     9

Table legend: (Time is in decaauts)
 A = Elapsed time spent in this place.
 B = Non-inter-level travel time spent in this place.
 C = Inter-level travel time spent in this place.
 D = Time resting spent in this place.
 E = Time spent auto-exploring this place.
 F = Levels seen in this place.
 G = Mean time per level.
                   A        B        C        D        E       F      G
               +--------+--------+--------+--------+--------+-----+--------+
         Total |  24018 |  23065 |    953 |    750 |  19205 |  15 | 1601.2 |
       Dungeon |  23132 |  22345 |    787 |    744 |  18635 |  13 | 1779.4 |
        Temple |    370 |    204 |    166 |      0 |    200 |   1 |  370.0 |
       Ossuary |    515 |    515 |      0 |      6 |    369 |   1 |  515.0 |
               +--------+--------+--------+--------+--------+-----+--------+

Top non-repeatable levels by time:
     D:9: 2834 daAuts
     D:5: 2630 daAuts
    D:11: 2611 daAuts
     D:7: 2450 daAuts
     D:6: 2424 daAuts
    D:10: 2419 daAuts
     D:8: 1957 daAuts
     D:1: 1308 daAuts
     D:2: 1281 daAuts
     D:4: 1232 daAuts
     D:3: 975 daAuts
    D:12: 893 daAuts
 Ossuary: 515 daAuts
  Temple: 370 daAuts
    D:13: 113 daAuts
